 Dungeon Crawl Stone Soup version 0.26-a0-591-g04f19ec95a (webtiles) character file.

Game seed: 12634164022645323781

57 hab5 the Insei (level 4, -7/29 HPs)
             Began as an Octopode Transmuter on Aug 24, 2020.
             Killed by divine providence
             ... invoked by an orc priest
              (13 damage)
             ... on level 3 of the Dungeon.
             The game lasted 00:04:04 (1906 turns).

hab5 the Insei (Octopode Transmuter)                Turns: 1906, Time: 00:04:04

Health: -7/29      AC:  1    Str:  9    XL:     4   Next: 0%
Magic:  7/7        EV: 13    Int: 16    God:
Gold:   143        SH:  0    Dex: 12    Spells: 4/7 levels left

rFire    . . .     SeeInvis .   a - +2 mace (holy)
rCold    . . .     Faith    .   (no shield)
rNeg     . . .     Spirit   .   (helmet restricted)
rPois    .         Reflect  .   (no amulet)
rElec    .         Harm     .   (no ring)
rCorr    .                      (no ring)
MR       .....                  (no ring)
Stlth    ++........             (no ring)
HPRegen  0.09/turn              (no ring)
MPRegen  0.10/turn              (no ring)
                                (no ring)
                                (no ring)

@: hasted, very quick
A: almost no armour, stealthy swim, amphibious, 8 rings, constrict 8, camouflage
1, gelatinous body 1
a: no special abilities


You were on level 3 of the Dungeon.
You visited 1 branch of the dungeon, and saw 3 of its levels.

You collected 143 gold pieces.

Inventory:

Hand Weapons
 a - a +2 mace of holy wrath (weapon)
Armour
 f - a +1 helmet
Scrolls
 c - 3 scrolls of identify {unknown}
 g - a scroll of immolation {unknown}
 h - a scroll of magic mapping {unknown}
 i - a scroll of random uselessness {unknown}
Potions
 b - 2 potions of heal wounds {unknown}
 d - 2 potions of invisibility {unknown}
 e - a potion of haste
 j - a potion of degeneration {unknown}
 k - a potion of cancellation {unknown}


   Skills:
 + Level 1.9 Fighting
 + Level 2.5 Dodging
 + Level 3.5 Unarmed Combat
 - Level 2.0 Spellcasting
 + Level 2.7 Transmutations


You had 4 spell levels left.
You knew the following spells:

 Your Spells              Type           Power        Failure   Level
a - Beastly Appendage     Tmut           ##....       7%          1
b - Wereblood             Tmut           ##......     11%         2

Your spell library contained the following spells:

 Spells                   Type           Power        Failure   Level
 Spider Form              Tmut/Pois      #.........   34%         3
 Ice Form                 Ice/Tmut       #.......     75%         4
 Blade Hands              Tmut           ##........   88%         5


Dungeon Overview and Level Annotations

Branches:
Dungeon (3/15)

Altars:


Innate Abilities, Weirdness & Mutations

You cannot wear most types of armour.
You are very stealthy in the water. (Stealth+)
You are amphibious.
You can wear up to eight rings at the same time.
You can use your tentacles to constrict eight enemies at once.
Your skin changes colour to match your surroundings (Stealth+).
Your rubbery body absorbs attacks. (AC +1, EV +1)


Message History

The magic dart hits you!
An orc comes into view.
It is wielding a +0 short sword of venom.
The orc priest moves out of view.
The orc shouts!
The orc wizard hits you with a +0 dagger.
Found a stone staircase leading up.
The orc priest invokes the aid of Beogh against you.
Beogh smites you!
* * * LOW HITPOINT WARNING * * *
The orc priest looks encouraged for a moment.
The orc wizard mumbles some strange words.
The orc wizard seems to speed up.
It was a potion of haste.
You feel yourself speed up.
The orc priest looks satisfied for a moment.
The orc priest looks braver for a moment.
An orc comes into view. It is wielding a +0 short sword.
The orc shouts!
You hear a shout!
The orc priest calls down the wrath of Beogh upon you.
Beogh smites you!
You die...

####### o
######.....# o#
#..........##.#
#....<.........
#...........#
#.........o.#
#...........#
#.......@...#
#..†.....o..#
#......)..o.#
#########+#.#
.o. ..#.. #.#
... <# .. .# .


You could see 2 orc priests, an orc wizard (fast) and 3 orcs.

Vanquished Creatures
  An adder (D:2)
  2 worms (D:2)
  A leopard gecko (D:2)
  An orc (D:2)
  6 giant cockroaches
  2 goblins
  A hobgoblin (D:2)
  7 kobolds
  4 quokkas (D:2)
  7 bats
  2 frilled lizards
  5 rats
39 creatures vanquished.

Notes
Turn   | Place    | Note
-------+----------+-------------------------------------------
     0 | D:1      | hab5 the Octopode Transmuter began the quest for the Orb.
     0 | D:1      | Reached XP level 1. HP: 13/13 MP: 3/3
   329 | D:1      | Reached XP level 2. HP: 16/18 MP: 5/5
   750 | D:2      | Reached XP level 3. HP: 6/24 MP: 4/6
  1733 | D:2      | Learned a level 2 spell: Wereblood
  1896 | D:3      | Reached XP level 4. HP: 29/29 MP: 7/7
  1906 | D:3      | Killed from afar by an orc priest

Illustrated notes

Levels and vault maps discovered:
D:1:      dpeg_arrival_arbitrary_a, layout_basic
D:2:      layout_loops_cross, kennysheep_generic_room_8
D:3:      layout_basic, serial_park_tiny_2

Action                   |  1- 3 |  4- 6 || total
-------------------------+-------+-------++-------
Melee: Mace              |    68 |       ||    68
       Unarmed           |     3 |       ||     3
       Constrict         |    21 |       ||    21
       Tentacles         |     9 |       ||     9
       Kick              |     2 |       ||     2
 Cast: Beastly Appendage |     2 |       ||     2
  Use: Potion            |       |     1 ||     1
 Stab: Sleeping          |    11 |       ||    11
Armor: Skin              |    11 |       ||    11
Dodge: Dodged            |    57 |       ||    57

Table legend: (Time is in decaauts)
 A = Elapsed time spent in this place.
 B = Non-inter-level travel time spent in this place.
 C = Inter-level travel time spent in this place.
 D = Time resting spent in this place.
 E = Time spent auto-exploring this place.
 F = Levels seen in this place.
 G = Mean time per level.
                   A        B        C        D        E       F      G
               +--------+--------+--------+--------+--------+-----+--------+
         Total |   1932 |   1885 |     47 |    531 |   1057 |   3 |  644.0 |
       Dungeon |   1932 |   1885 |     47 |    531 |   1057 |   3 |  644.0 |
               +--------+--------+--------+--------+--------+-----+--------+

Top non-repeatable levels by time:
     D:1: 991 daAuts
     D:2: 926 daAuts
     D:3: 15 daAuts
